 Dungeon Crawl Stone Soup version 0.31-a0-986-g5e6e4ef867 (webtiles) character file.

Game seed: 2474072052216027023

96 sammy202020 the Changeling (level 4, -1/34 HPs)
             Began as a Merfolk Shapeshifter on Nov 14, 2023.
             Slain by an orc wizard
             ... wielding a +3 dagger
              (3 damage)
             ... on level 3 of the Dungeon.
             The game lasted 00:02:09 (1762 turns).

sammy202020 the Changeling (Merfolk Shapeshifter)   Turns: 1762, Time: 00:02:10

Health: -1/34      AC:  6    Str: 14    XL:     4   Next: 67%
Magic:  4/4        EV: 10    Int: 17    God:
Gold:   119        SH:  0    Dex: 13    Spells: 3/3 levels left

rFire   . .          .
                       - Unarmed
rCold   . . .        (no shield)
rNeg    . . .        o - +0 scale mail
rPois   .            (helmet currently unavailable)
rElec   .            (cloak currently unavailable)
rCorr   .            (gloves currently unavailable)
SInv    .            (boots currently unavailable)
Will    .....        (no amulet) Stlth
                     j - +6 ring of intelligence
HPRegen 0.25/turn    (no ring)
MPRegen 0.09/turn

%: no passive effects
@: beast-form, hasted, very quick
A: beast (slay +2), (nimble swimmer 2), mertail
a: Begin Untransformation


You were on level 3 of the Dungeon.
You were a hulking beast.
You visited 1 branch of the dungeon, and saw 3 of its levels.

You collected 119 gold pieces.

Inventory:

Armour
 a - a +0 animal skin
 o - a +0 scale mail (worn)
Jewellery
 j - a +6 ring of intelligence (left hand)
Talismans
 c - a beast talisman
 d - a flux talisman
Scrolls
 e - 2 scrolls of identify {unknown}
 f - 2 scrolls of enchant armour {unknown}
 l - a scroll of fog {unknown}
 m - a scroll of poison {unknown}
Potions
 b - a potion of lignification
 g - a potion of haste
 h - a potion of curing {unknown}
 n - a potion of invisibility {unknown}


   Skills:
 * Level 2.6 Fighting
 + Level 0.6 Armour
 + Level 3.2 Dodging
 * Level 4.0 Unarmed Combat
 * Level 4.9 Shapeshifting


You had 3 spell levels left.
You didn't know any spells.
Your spell library contained the following spells:

 Spells                   Type           Power      Damage    Failure   Level
 Leda's Liquefaction      Hex/Erth       0%         N/A       100%        4
 Lee's Rapid Deconstruct  Erth           0%         3d4*      100%        5
 Bombard                  Conj/Erth      0%         9d1       100%        6


Dungeon Overview and Level Annotations

Branches:
Dungeon (3/15)

Altars:


Innate Abilities, Weirdness & Mutations

You are a hulking beast.
Your limbs bulge with bestial killing power. (Slay +2)
((You are very nimble when in or above water. (Stealth+, EV+, Speed+++)))
Your lower body shifts to a powerful aquatic tail in water.


Message History

The magic dart hits you.
No target in view!
No target in view!
No target in view!
No target in view!
No target in view!
No target in view!
No target in view!
No target in view!
No target in view!
No target in view!
No target in view!
No target in view!
No target in view!
No target in view!
No target in view!
No target in view!
No target in view!
You miss something. Something hits you.
You hit something.
You hear some strange, mumbled words.
You are confused.
You barely miss something. Something hits you but does no damage.
You bump into the rock wall.
Something hits you.
You completely miss something.
You're too confused to move!
Something hits you. Something hits you but does no damage.
You feel less confused. Something hits you but does no damage.
Something hits you but does no damage.
Things that are here:
a +0 dagger; a +0 robe; an orc corpse You hit something but do no damage.
Something hits you.
* * * LOW HITPOINT WARNING * * *
You closely miss something. Something hits you.
* * * LOW HITPOINT WARNING * * *
You hit something. Something hits you.
* * * LOW HITPOINT WARNING * * *
It was a potion of haste.
You feel yourself speed up. Something hits you.
You die...

...... #...# #.
###.#######.
...########.........
#............######
#!..####.#####...
+................
######...####.#####...
#......)..# #.)...#
#......h{.# #.....#
#...[.....# #.....#
#.........# #.....#
.....$.....##.....#
#..........##......
#..........####..#.#
####.......# .....
#........ #.......##


There were no monsters in sight!

Vanquished Creatures
  An orc wizard (D:3)
  2 adders
  2 worms (D:2)
  3 dart slugs (D:3)
  2 orcs (D:3)
  5 bats
  An endoplasm (D:1)
  6 hobgoblins
  A quokka (D:2)
  8 ball pythons
  9 frilled lizards (D:1)
  A goblin (D:2)
  A kobold (D:3)
  2 rats (D:2)
44 creatures vanquished.

Notes
Turn   | Place    | Note
-------+----------+-------------------------------------------
     0 | D:1      | sammy202020 the Merfolk Shapeshifter began the quest for
                  | the Orb.
     0 | D:1      | Reached XP level 1. HP: 15/15 MP: 1/1
   165 | D:1      | Reached XP level 2. HP: 19/21 MP: 2/2
   947 | D:2      | Reached XP level 3. HP: 27/27 MP: 3/3
  1255 | D:2      | Found a faded altar of an unknown god.
  1693 | D:3      | Reached XP level 4. HP: 34/34 MP: 4/4
  1761 | D:3      | HP: 1/34 [something (3)]
  1762 | D:3      | Slain by an orc wizard

Illustrated notes

Levels and vault maps discovered:
D:1:      zaba_arrival_water, layout_basic, roderic_roman_lattice,
          minmay_lizard_king
D:2:      layout_basic, nicolae_ecumenical_snake_handling, minmay_misc_feat_five
D:3:      layout_basic, nicolae_wu_jian_immortal_techniques,
          mainiacjoe_overflow_alcove_2

Skill      XL: |  1  2  3  4 |
---------------+-------------+-----
Fighting       | 2 |  2.6
Dodging        | 3 |  3.2
Unarmed Combat | 4 |  4.0
Armour         | |  0.6
Shapeshifting  | |  4.9

Action                     |  1- 3 |  4- 6 || total
---------------------------+-------+-------++-------
  Melee: Unarmed           |    97 |    27 ||   124
         Punch             |       |     1 ||     1
    Use: Potion            |       |     1 ||     1
 Armour: Animal skin       |    23 |       ||    23
         Ring mail         |    35 |       ||    35
         Scale mail        |       |    30 ||    30
  Dodge: Dodged            |    75 |     9 ||    84

Table legend: (Time is in decaauts)
 A = Elapsed time spent in this place.
 B = Non-inter-level travel time spent in this place.
 C = Inter-level travel time spent in this place.
 D = Time resting spent in this place.
 E = Time spent auto-exploring this place.
 F = Levels seen in this place.
 G = Mean time per level.
                   A        B        C        D        E       F      G
               +--------+--------+--------+--------+--------+-----+--------+
         Total |   1747 |   1747 |      0 |    147 |   1140 |   3 |  582.3 |
       Dungeon |   1747 |   1747 |      0 |    147 |   1140 |   3 |  582.3 |
               +--------+--------+--------+--------+--------+-----+--------+

Top non-repeatable levels by time:
     D:1: 908 daAuts
     D:2: 685 daAuts
     D:3: 153 daAuts
